 Dungeon Crawl Stone Soup version 0.32-a0-558-g233958a4c4 (webtiles) character file.

Game seed: 10356995483921745734

31 Goblin1989 the Sneak (level 3, -3/29 HPs)
             Began as a Demonspawn Delver on Mar 2, 2024.
             Killed from afar by an orc wizard (9 damage)
             ... with a puff of flame
             ... on level 5 of the Dungeon.
             The game lasted 00:00:47 (58 turns).

Goblin1989 the Sneak (Demonspawn Delver)              Turns: 58, Time: 00:00:47

Health: -3/29      AC:  3    Str: 14    XL:     3   Next: 7%
Magic:  3/3        EV: 11    Int: 10    God:
Gold:   0          SH:  0    Dex: 14    Spells: 2/2 levels left

rFire   . . .        a - +0 mace
rCold   . . .        (no shield)
rNeg    . . .        b - +0 leather armour
rPois   .            (no helmet)
rElec   .            (no cloak)
rCorr   .            (no gloves)
SInv    .            (no boots)
Will    .....        (no amulet)
Stlth   +            (no ring)
HPRegen 0.24/turn    (no ring)
MPRegen 0.08/turn

%: no passive effects
@: confused
A: demonic magic 1, weakness stinger 1
a: no special abilities


You were on level 5 of the Dungeon.
You visited 1 branch of the dungeon, and saw 1 of its levels.

Inventory:

Hand Weapons
 a - a +0 mace (weapon)
Armour
 b - a +0 leather armour (worn)
Wands
 g - a wand of digging (2) {@v3}
Scrolls
 c - a scroll of fog
Potions
 f - a potion of haste {@q3,}


   Skills:
 - Level 3.0 Fighting
 + Level 3.2 Maces & Flails
 - Level 1.7 Dodging
 - Level 4.5 Stealth


You had 2 spell levels left.
You didn't know any spells.
Your spell library was empty.

Dungeon Overview and Level Annotations

Branches:
Dungeon (5/15) Zot: 5939   Temple (0/1) D:5

Altars:


Innate Abilities, Weirdness & Mutations

Spells you cast may paralyse adjacent enemies.
You have a small tail.


Message History

You hear the sound of rushing water.
There is an entrance to a sewer on this level.
Hurry and find it before the portal rusts away!
Bad monster_list_colour key: strict_neutral Options error: Unknown explore stop condition 'gates' (Goblin1989.rc:83) Welcome, Goblin1989 the Demonspawn Delver.
If you return without finding the Orb of Zot, so far below, it's all over!
Press ? for a list of commands and other information.
Found a stone staircase leading down.
There is a stone staircase leading down here.
A scorpion comes into view.
As you read the scroll of revelation, it crumbles to dust.
You feel aware of your surroundings.
You sensed 1 altar, and 1 shop/portal.
A jelly and an orc wizard come into view.
Found 20 gold pieces and a scroll of revelation.
As you read the scroll of fear, it crumbles to dust.
You assume a fearsome visage.
The scorpion looks frightened!
A hound comes into view.
The hound barks!
The hound bites you.
You take 4 damage, and have 14/18 hp.
MASSIVE DAMAGE!!
The hound attacks as it pursues you! The hound closely misses you.
You closely miss the hound. The hound bites you. The hound barely misses you.
You take 2 damage, and have 13/18 hp.
You hit the hound.
The hound is lightly wounded.
The hound barely misses you. The hound misses you.
You hit the hound.
The hound is heavily wounded.
The hound closely misses you. The hound bites you.
You take 4 damage, and have 9/18 hp.
MASSIVE DAMAGE!!
You closely miss the hound.
The hound is heavily wounded.
The hound bites you.
* * * LOW HITPOINT WARNING * * *
The hound bites you but does no damage.
You take 3 damage, and have 6/18 hp.
You hit the hound.
The hound is severely wounded.
The hound bites you but does no damage. The hound bites you.
* * * LOW HITPOINT WARNING * * *
You take 3 damage, and have 3/18 hp.
You hit the hound.
You kill the hound!
Your Maces & Flails skill gained 2 levels and is now at level 3!
You have reached level 2!
Your demonic ancestry asserts itself...
A menacing aura infuses your magic.
You have reached level 3!
Your experience leads to an increase in your attributes!
Increase (s)trength, (i)ntelligence, or (d)exterity?
You feel stronger. x2; Your demonic ancestry asserts itself...
You grow a small tail.
You regained 3 hp, and now have 6/29 hp.
MP restored: 3 You start resting.
A jelly is nearby!
You regained 4 hp, and now have 10/29 hp.
You hear the slow rusting of a distant drain.
Aiming: Dig
Press: ? - help, Shift-Dir - straight line A rock wall.
The rock shatters into small pieces.
Found a stone staircase leading up.
The orc wizard shouts!
A jelly comes into view.
The orc wizard gestures at you while chanting.
You are confused.
Found a manual of Necromancy.
You bump into the rock wall.
The orc wizard gestures at you while chanting.
The puff of flame hits you!
* * * LOW HITPOINT WARNING * * *
You take 7 damage, and have 6/29 hp.
MASSIVE DAMAGE!!
The orc wizard points at you and mumbles some strange words.
The puff of flame hits you!
You die...

███.███▓···············▓▓········
██.█.██▓·█·········▓▓············
█.███.██.▓▓·▓▓·▓▓·▓▓········▓·▓··
.█████..·······▓▓····▓·▓▓▓▓▓▓···▓
█.███.█▓▓▓▓▓▓▓▓▓▓▓▓▓▓▓·▓ ▓▓▓··
██.█.██████████ ▓·▓▓▓▓▓▓▓▓▓·
███...........████████...········
█...██$..████............····>···
..█..J.█...█████@████████▓▓▓▓▓▓▓▓
█..█.█.█.█.█ ██.██ ▓▓▓▓▓▓▓
██....███..█▓█.██ ▓······
███████·▓█....██ ▓·▓▓▓▓▓
.J...o?:..██o.▓ ▓·▓
███████·▓▓..J.▓ ▓·▓
██....█▓▓.....▓▓▓▓▓▓▓▓▓▓▓▓▓·▓
▓····▓·█.█.<..··············▓
·······█·..█.█▓▓▓▓▓▓▓▓▓▓▓▓▓▓▓


You could see a jelly and an orc wizard.

Vanquished Creatures
  A hound (D:5)
1 creature vanquished.

Notes
Turn   | Place    | Note
-------+----------+-------------------------------------------
     0 | D:5      | Goblin1989 the Demonspawn Delver began the quest for the
                  | Orb.
     0 | D:5      | Reached XP level 1. HP: 18/18 MP: 1/1
     6 | D:5      | Noticed a scorpion
     9 | D:5      | Noticed a jelly
     9 | D:5      | Noticed an orc wizard
    17 | D:5      | Noticed a hound
    27 | D:5      | Killed a hound
    28 | D:5      | Gained mutation: Spells you cast may paralyse adjacent
                  | enemies. [demonic ancestry]
    28 | D:5      | Reached XP level 2. HP: 5/24 MP: 2/2
    28 | D:5      | Gained mutation: You have a small tail. [demonic ancestry]
    28 | D:5      | Reached XP level 3. HP: 6/29 MP: 3/3
    58 | D:5      | Killed from afar by an orc wizard

Illustrated notes

Levels and vault maps discovered:
D:5:      layout_loops_ring, trog_book, minmay_temple_entry_large_hall,
          gup_sewer_entry_spiral, minmay_manual_monstrance, uniq_menkaure

Skill      XL: |  1 |
---------------+----+-----
Maces & Flails | 3 |  3.2
Fighting       | |  3.0
Dodging        | |  1.7
Stealth        | |  4.5

Action                     || total
---------------------------++-------
  Melee: Mace              ||     6
  Evoke: Wand              ||     1
    Use: Scroll            ||     2
 Armour: Leather armour    ||     9
  Dodge: Dodged            ||     5

Table legend: (Time is in decaauts)
 A = Elapsed time spent in this place.
 B = Non-inter-level travel time spent in this place.
 C = Inter-level travel time spent in this place.
 D = Time resting spent in this place.
 E = Time spent auto-exploring this place.
 F = Levels seen in this place.
 G = Mean time per level.
                   A        B        C        D        E       F      G
               +--------+--------+--------+--------+--------+-----+--------+
         Total |     59 |     59 |      0 |     18 |      0 |   1 |   59.0 |
       Dungeon |     59 |     59 |      0 |     18 |      0 |   1 |   59.0 |
               +--------+--------+--------+--------+--------+-----+--------+

Top non-repeatable levels by time:
     D:5: 59 daAuts
